 Dungeon Crawl Stone Soup version 0.30-a0-743-gbfdf073431 (webtiles) character file.

Game seed: 8732112057327149459

1052 browni3141 the Trooper (level 8, -9/62 HPs)
             Began as a Mummy Cinder Acolyte on Feb 8, 2023.
             Was a High Priest of Ignis.
             Mangled by Duvessa
             ... wielding a +0 rapier
              (12 damage)
             ... on level 6 of the Dungeon.
             The game lasted 00:06:41 (5222 turns).

browni3141 the Trooper (Mummy Cinder Acolyte)       Turns: 5222, Time: 00:06:42

Health: -9/62      AC: 11    Str: 20    XL:     8   Next: 5%
Magic:  10/10      EV:  7    Int: 13    God:    Ignis [*****.]
Gold:   315        SH:  0    Dex: 10    Spells: 9/9 levels left

rFire   . . .      SeeInvis +    p - +5 whip "Imp's Death Toll" {speed, Dex+3 SInv}
rCold   + + .      Faith    +    w - orb {light}
rNeg    + + +      Spirit   .    h - +0 chain mail
rPois   ∞          Reflect  .    q - +0 helmet
rElec   .          Harm     .    (no cloak)
rCorr   +          Rampage  .    (no gloves)
Will    +....                    n - +0 pair of boots Stlth
                                 (no amulet)
HPRegen 0.30/turn                d - ring of protection from cold
MPRegen 0.12/turn                k - ring of resist corrosion

@: glowing
A: cold resistance 1, negative energy resistance 3, torment resistance 2, heat
vulnerability 1, in touch with death 1, no potions, faith
a: Renounce Religion, Fiery Armour, Foxfire Swarm, Rising Flame


You were on level 6 of the Dungeon.
You worshipped Ignis.
Ignis was extremely pleased with you.
You visited 1 branch of the dungeon, and saw 6 of its levels.

You collected 315 gold pieces.

Inventory:

Hand Weapons
 a - a -1 hand axe of flaming
 p - the +5 whip "Imp's Death Toll" (weapon) {speed, Dex+3 SInv}
   (You found it on level 4 of the Dungeon)

   Dex:       It affects your dexterity (+3).
   SInv:      It lets you see invisible.
Missiles
 m - 2 poisoned darts (quivered)
 s - a throwing net
Armour
 b - a +0 robe
 e - a +0 scale mail
 g - a +0 buckler
 h - a +0 chain mail (worn)
 n - a +0 pair of boots (worn)
 q - a +0 helmet (worn)
 w - an orb of light (worn)
Jewellery
 d - a ring of protection from cold (left hand)
 k - a ring of resist corrosion (right hand)
 r - a ring of magical power
Wands
 u - a wand of mindburst (10)
Scrolls
 c - 3 scrolls of enchant armour
 f - 2 scrolls of magic mapping
 i - a scroll of silence
 j - a scroll of teleportation
 o - a scroll of immolation
 t - 2 scrolls of poison
 v - a scroll of vulnerability {unknown}
 x - a scroll of amnesia {unknown}


   Skills:
 - Level 5.0 Fighting
 - Level 4.0 Axes
 + Level 1.0(2.7) Maces & Flails
 * Level 2.8 Throwing
 * Level 3.3 Armour
 * Level 3.2 Shields
 - Level 1.3 Spellcasting
 - Level 2.4 Fire Magic
 * Level 1.2 Evocations


You had 9 spell levels left.
You didn't know any spells.
Your spell library contained the following spells:

 Spells                   Type           Power      Damage    Failure   Level
 Scorch                   Fire           14%        2d5       83%         2
 Freeze                   Ice            0%         1d3       95%         1
 Dazzling Flash           Conj/Hex       0%         N/A       100%        3
 Frozen Ramparts          Ice            0%         1d1       100%        3
 Hailstorm                Conj/Ice       0%         3d3       100%        3
 Agony                    Necr           1%         N/A       100%        5
 Silence                  Hex/Air        0%         N/A       100%        5


Dungeon Overview and Level Annotations

Branches:
Dungeon (6/15)
 Temple: D:4-7

Altars:
Fedhas
Kikubaaqudgha
Okawaru
Xom

Shops:
D:6 [

Annotations:
D:6 Duvessa


Innate Abilities, Weirdness & Mutations

You are immune to poison.
Your flesh is cold resistant. (rC+)
You are immune to negative energy. (rN+++)
You are immune to unholy pain and torment.
You are vulnerable to heat. (rF-)
You are in touch with the powers of death.
You do not drink.
You have a special connection with the divine. (Faith)


Message History

You hit Duvessa but do no damage.
Duvessa is moderately wounded.
Duvessa hits you with a +0 rapier!
You hit Duvessa but do no damage.
Duvessa is moderately wounded.
Duvessa hits you with a +0 rapier.
You hit Duvessa.
Duvessa is moderately wounded.
Duvessa hits you but does no damage.
You hit Duvessa.
Duvessa is heavily wounded.
Duvessa hits you with a +0 rapier!
You are too injured to fight recklessly!
You are too injured to fight recklessly!
You are too injured to fight recklessly!
You are too injured to fight recklessly!
You hit Duvessa.
Duvessa is heavily wounded.
Duvessa hits you with a +0 rapier!
You hit Duvessa but do no damage.
Duvessa is heavily wounded.
You hit Duvessa.
Duvessa is severely wounded.
Duvessa hits you but does no damage.
You hit Duvessa but do no damage.
Duvessa is severely wounded.
Duvessa hits you but does no damage.
You hit Duvessa but do no damage.
Duvessa is severely wounded.
Duvessa hits you with a +0 rapier!
* * * LOW HITPOINT WARNING * * *
You completely miss Duvessa.
Duvessa is almost dead.
Duvessa hits you with a +0 rapier!
* * * LOW HITPOINT WARNING * * *
Aiming: Mindburst
Press: ? - help, Shift-Dir - straight line, f/p - Duvessa
Aim: Duvessa, wielding a +0 rapier and wearing a +3 leather armour of willpower (almost dead, berserk, very poisoned, haloed, chance to affect: 20%) Duvessa resists with almost no effort.
Duvessa hits you with a +0 rapier!
You die...

......#..# .....##..#
####.....# ..#..##.# .
#.#..##.### ...
#.#........ ....#
##.#.####.##
#....#######....#....#
#(e@..#....###.####
#.###.#.#.#....# ..
#...#.#....# ...
#####.####.## .##
#.......# #########


You could see Duvessa (berserk, very poisoned).

Vanquished Creatures
  2 ice beasts (D:3)
  A black bear (D:3)
  2 necrophages
  A scorpion (D:5)
  A gnoll sergeant (D:6)
  Dowan (D:6)
  A hound (D:5)
  2 orc priests
  2 iguanas (D:5)
  4 orc wizards
  Robin (D:4)
  8 gnolls
  6 adders
  2 worms (D:3)
  The ghost of Esekla the Sneak, a weakling OpDe (D:5)
  3 dart slugs
  9 orcs
  4 ball pythons
  2 bats
  11 endoplasms
  2 giant cockroaches
  16 goblins
  6 hobgoblins
  10 jackals
  3 kobolds
  A quokka (D:4)
  A frilled lizard (D:2)
  6 rats
109 creatures vanquished.

Vanquished Creatures (others)
  13 foxfires (D:3)
  38 plants
51 creatures vanquished.

Grand Total: 160 creatures vanquished

Notes
Turn   | Place    | Note
-------+----------+-------------------------------------------
     0 | D:1      | browni3141 the Mummy Cinder Acolyte began the quest for the
                  | Orb.
     0 | D:1      | Reached XP level 1. HP: 18/18 MP: 2/2
   216 | D:1      | Reached XP level 2. HP: 19/24 MP: 4/4
   983 | D:2      | Found a faded altar of an unknown god.
   996 | D:2      | Gained mutation: You are in touch with the powers of death.
                  | [Mummy growth]
   996 | D:2      | Reached XP level 3. HP: 25/29 MP: 5/5
  1421 | D:2      | Reached skill level 1 in Armour
  1661 | D:2      | Reached XP level 4. HP: 35/35 MP: 6/6
  1750 | D:3      | Noticed an ice beast
  1787 | D:3      | Killed an ice beast
  1788 | D:3      | Reached skill level 1 in Shields
  1788 | D:3      | Reached XP level 5. HP: 14/42 MP: 7/7
  2245 | D:3      | Noticed an ice beast
  2264 | D:3      | Killed an ice beast
  2265 | D:3      | Reached skill level 4 in Fighting
  2265 | D:3      | Reached XP level 6. HP: 19/48 MP: 8/8
  2598 | D:4      | Found an iron altar of Okawaru.
  2621 | D:4      | Reached skill level 1 in Throwing
  2744 | D:4      | Noticed Robin
  2901 | D:3      | HP: 1/48 [black bear (2)]
  3082 | D:4      | Reached XP level 7. HP: 55/55 MP: 9/9
  3088 | D:4      | Killed Robin
  3249 | D:4      | Identified the +5 whip "Imp's Death Toll" {speed, Dex+3
                  | SInv}
  3817 | D:5      | Entered Level 5 of the Dungeon
  4054 | D:5      | Found a blossoming altar of Fedhas.
  4084 | D:5      | Found an ancient bone altar of Kikubaaqudgha.
  4299 | D:5      | Noticed Esekla's ghost (weakling OpDe)
  4310 | D:5      | Found a runed translucent door.
  4355 | D:5      | Found a shimmering altar of Xom.
  4600 | D:5      | Killed Esekla's ghost
  4792 | D:5      | Reached skill level 5 in Fighting
  4923 | D:6      | Reached skill level 1 in Evocations
  5055 | D:6      | Reached skill level 1 in Maces & Flails
  5059 | D:6      | Reached XP level 8. HP: 53/62 MP: 10/10
  5131 | D:6      | Found Yqesank's Antique Armour Boutique.
  5194 | D:6      | Noticed Dowan
  5195 | D:6      | Noticed Duvessa
  5209 | D:6      | Killed Dowan
  5221 | D:6      | HP: 3/62 [Duvessa/+0 rapier (9)]
  5222 | D:6      | Mangled by Duvessa

Illustrated notes

Levels and vault maps discovered:
D:1:      roderic_crop_circles_arrival_small, layout_loops_ring, minmay_cupped
D:2:      layout_loops_ring, basic_ecumenical_altar, kennysheep_generic_room_16
D:3:      layout_rooms
D:4:      layout_loops_ring, amcnicky_altar_gilded,
          mainiacjoe_overflow_cross_hatched, uniq_robin
D:5:      layout_basic, fedhas_ov_isle_minmay,
          mainiacjoe_overflow_catwalk_spiral, hellmonk_ghost_happy_afterlife,
          serial_bayou_pond_e
D:6:      layout_basic, mainiacjoe_overflow_two_lobes, serial_shops,
          nicolae_shop_window_shopping, uniq_grinder, uniq_duvessa

Skill      XL: |  1  2  3  4  5  6  7 |
---------------+----------------------+-----
Axes           | 3 4 |  4.0
Armour         | 1 2 3 |  3.3
Shields        | 1 2 3 |  3.2
Fighting       | 4 5 |  5.0
Throwing       | 1 2 |  2.8
Evocations     | 1 |  1.2
Maces & Flails | 1 |  1.0
Spellcasting   | |  1.3
Fire Magic     | |  2.4

Action                     |  1- 3 |  4- 6 |  7- 9 || total
---------------------------+-------+-------+-------++-------
  Melee: Hand axe          |   120 |   157 |    50 ||   327
         Whip              |       |       |   143 ||   143
  Throw: Dart              |       |       |     9 ||     9
         Boomerang         |       |       |     4 ||     4
 Invoke: Foxfire Swarm     |       |     1 |       ||     1
  Evoke: Wand              |       |       |     1 ||     1
    Use: Scroll            |       |     2 |     4 ||     6
 Armour: Robe              |    11 |       |       ||    11
         Scale mail        |     3 |       |       ||     3
         Chain mail        |    50 |   108 |   113 ||   271
  Dodge: Dodged            |    42 |    74 |    48 ||   164
  Block: Buckler           |     7 |    15 |    17 ||    39

Table legend: (Time is in decaauts)
 A = Elapsed time spent in this place.
 B = Non-inter-level travel time spent in this place.
 C = Inter-level travel time spent in this place.
 D = Time resting spent in this place.
 E = Time spent auto-exploring this place.
 F = Levels seen in this place.
 G = Mean time per level.
                   A        B        C        D        E       F      G
               +--------+--------+--------+--------+--------+-----+--------+
         Total |   5227 |   5015 |    212 |    612 |   3339 |   6 |  871.2 |
       Dungeon |   5227 |   5015 |    212 |    612 |   3339 |   6 |  871.2 |
               +--------+--------+--------+--------+--------+-----+--------+

Top non-repeatable levels by time:
     D:5: 1161 daAuts
     D:3: 1133 daAuts
     D:1: 986 daAuts
     D:4: 950 daAuts
     D:2: 784 daAuts
     D:6: 210 daAuts
